 Dungeon Crawl Stone Soup version 0.20-a0-830-g2c9a30d (webtiles) character file.

33586 Leszczynek the Basher (level 13, -13/121 HPs)
             Began as a Naga Wanderer on Mar 6, 2017.
             Was a High Priest of Okawaru.
             Mangled by a swamp worm (15 damage)
             ... on level 6 of the Lair of Beasts.
             The game lasted 01:24:37 (21516 turns).

Leszczynek the Basher (Naga Wanderer)              Turns: 21516, Time: 01:24:37

Health: -13/121    AC: 14    Str: 23    XL:     13   Next: 71%
Magic:  0/19       EV: 15    Int: 14    God:    Okawaru [*****.]
Gold:   1039       SH:  0    Dex: 13    Spells: 4/14 levels left

rFire    + . .     SeeInvis +   a - +10 quarterstaff of Enuoxit {god gift, freeze, rF+}
rCold    + + .     Gourm    .   t - +0 steam dragon scales
rNeg     . . .     Faith    .   (shield currently unavailable)
rPois    +         Spirit   +   n - +2 helmet {Int+3}
rElec    .         Reflect  .   p - scarf {rC+}
rCorr    .         Harm     .   u - +2 pair of gloves
MR       +....                  (no barding)
Stlth    ++++......             k - amulet of guardian spirit
Regen    0.3/turn               E - ring of protection from cold
MPRegen  0.2/turn               C - +4 ring of strength

@: heroism, finesse, very slow
A: see invisible, deformed body, poison resistance, slowness 2, slow metabolism
1, spit poison 1, constrict 1, AC +4
a: Spit Poison, Heroism, Finesse, Renounce Religion


You were on level 6 of the Lair of Beasts.
You worshipped Okawaru.
Okawaru was extremely pleased with you.
You were not hungry.

You visited 2 branches of the dungeon, and saw 17 of its levels.
You also visited: Labyrinth.

You collected 1285 gold pieces.
You spent 246 gold pieces at shops.

Inventory:

Hand Weapons
 a - the +10 quarterstaff of Enuoxit (weapon) {god gift, freeze, rF+}
   (Okawaru gifted it to you on level 2 of the Lair of Beasts)

   It has been specially enchanted to freeze those struck by it, causing extra
   injury to most foes and up to half again as much damage against particularly
   susceptible opponents.
   It can also slow down cold-blooded creatures.
   It protects you from fire.
 b - a +0 shortbow
 c - a +0 blowgun
 G - the +2 flail of Hubris {flame, rElec rF+ Str-3 Int+2}
   (You bought it in a shop on level 6 of the Dungeon)

   It has been specially enchanted to burn those struck by it, causing extra
   injury to most foes and up to half again as much damage against particularly
   susceptible opponents.
   It affects your strength (-3).
   It affects your intelligence (+2).
   It protects you from fire.
   It insulates you from electricity.
 U - the +8 quarterstaff "Wacopimoso" {protect, +Inv rF+ Dex+3}
   (You found it on level 3 of the Lair of Beasts)

   It protects the one who uses it against injury (+AC on strike).
   It affects your dexterity (+3).
   It protects you from fire.
   It lets you turn invisible.
Missiles
 f - 12 curare-tipped needles
 j - 218 arrows
 l - 15 tomahawks (quivered)
 Y - a throwing net
 Z - 5 poisoned javelins {god gift}
Armour
 e - the +2 robe of the Leaf {god gift, rN+ MR+, unknown}
   (Okawaru gifted it to you on level 6 of the Lair of Beasts)

   It protects you from negative energy.
   It affects your resistance to hostile enchantments.
 n - a +2 helmet of intelligence (worn)
 p - a scarf of cold resistance (worn)
 t - +0 steam dragon scales (worn)
 u - a +2 pair of gloves (worn)
 y - a +2 plate armour of magic resistance
Jewellery
 k - an amulet of guardian spirit (around neck)
 C - a +4 ring of strength (left hand)
 E - a ring of protection from cold (right hand)
Wands
 B - a wand of paralysis (9/24)
 F - a wand of lightning (8/15)
 H - a wand of confusion (20/48)
 N - a wand of lightning (9/15)
 P - a wand of iceblast (5/15)
 Q - a wand of acid (3/15)
 S - a wand of acid (8/15)
 T - a wand of disintegration (0/24)
 V - a wand of digging (13/24)
 W - a wand of disintegration (9/24)
Scrolls
 m - 4 scrolls of remove curse {@r2}
 r - 12 scrolls of teleportation
 D - a scroll of recharging
 J - a scroll of fog
Potions
 g - 3 potions of might
 i - a potion of ambrosia
 o - 3 potions of curing {@q1}
 q - a potion of degeneration {unknown}
 v - 3 potions of brilliance
 w - 3 potions of mutation {unknown}
 x - 4 potions of berserk rage {unknown}
 z - 4 potions of agility
 A - a potion of lignification {unknown}
 L - a potion of haste
 O - a potion of flight {unknown}
Books
 X - a book of Unlife

   Spells                             Type                      Level
   a - Recall                         Summoning/Translocation      3
   b - Animate Dead                   Necromancy                   4
   c - Control Undead                 Necromancy                   4
   d - Cigotuvi's Embrace             Necromancy                   5
   e - Death Channel                  Necromancy                   6
   f - Simulacrum                     Ice/Necromancy               6
Miscellaneous
 s - a box of beasts
 M - a phial of floods
Comestibles
 d - 7 bread rations
 h - 14 meat rations
 I - 2 chunks of flesh
 K - 12 fruits
 R - a royal jelly


   Skills:
 + Level 9.3(14.3) Fighting
 - Level 13.5(19.8) Maces & Flails
 * Level 10.9(18.6) Staves
 - Level 4.0(9.0) Dodging
 - Level 3.0(8.0) Stealth
 - Level 1.4 Spellcasting
 + Level 1.4 Charms
 - Level 4.0 Necromancy
 - Level 1.0 Earth Magic
 - Level 7.7 Invocations
 - Level 8.1 Evocations


You had 4 spell levels left.
You knew the following spells:

 Your Spells              Type           Power        Failure   Level  Hunger
a - Animate Skeleton      Necr           N/A          6%          1    ##.....
b - Apportation           Tloc           #.....       30%         1    ##.....
c - Summon Butterflies    Summ           #.......     30%         1    ##.....
d - Passwall              Tmut/Erth      #.........   34%         2    ###....
q - Regeneration          Chrm/Necr      #.........   24%         3    ####...
B - Blink                 Tloc           N/A          43%         2    ###....


Dungeon Overview and Level Annotations

Branches:
Dungeon (11/15)            Temple (0/1) D:6            Lair (6/6) D:9
 Shoals (0/4) Lair:4        Snake (0/4) Lair:4        Slime (0/5) Lair:5
    Orc: D:9-12

Altars:
Cheibriados
Fedhas
Hepliaklqana
Makhleb
Nemelex Xobeh
Okawaru
Qazlal
Ru
Trog
Yredelemnul
Zin
Jiyva

Shops:
D:6 (   D:7 :

Annotations:
D:4 exclusion: iguana
D:8 hive, exclusions: killer bee and 5 more exclusions, Psyche
D:11 derval's ghost, journeyman MfSk
Lair:3 exclusion: oklob plant
Lair:5 1 runed door


Innate Abilities, Weirdness & Mutations

You cannot wear boots.
Your serpentine skin is tough. (AC +4)
You have supernaturally acute eyesight. (SInv)
Armour fits poorly on your strangely shaped body.
Your system is resistant to poisons. (rPois)
You cover ground very slowly.
You have a slow metabolism.
You can spit poison.
You can use your snake-like lower body to constrict enemies.


Message History

* * * LOW HITPOINT WARNING * * *
Your basilisk skeleton bites the swamp worm!
The swamp worm dies!
Okawaru accepts your kill.
Unknown command.
Okay, then.
Evoke which item? (* to show all) (? for menu, Esc to quit)
Okay, then.
Okay, then.
Okay, then.
Evoke which item? (* to show all) (? for menu, Esc to quit)
Aiming: Paralyse (will waste charges)
Press: ? - help, Shift-Dir - straight line, f - swamp worm
Aim: a swamp worm (moderately wounded, constricted by you, chance to defeat MR: 76%)
The swamp worm barely resists.
Evoking this partially-identified wand wasted a few charges.
Your skill with magical items lets you calculate the power of this device...
This wand has 9 charges left.
You constrict the swamp worm! The swamp worm bites you!
You die...

.........PP.....###
......#.P.P....##
....P.##......#.#
.......PP......##
....≈≈≈≈≈≈≈≈≈P##
..≈≈≈≈≈≈≈≈≈≈≈≈#
≈≈≈#######≈≈≈##
≈≈##≈≈≈w≈#≈≈≈≈# ≈
#[≈Z†@≈≈≈≈≈##
##≈≈≈≈≈#≈≈≈≈#
#######≈≈≈.# ≈≈≈..#
≈≈≈≈..# ......#.#
.#..###.## ##### ##


You could see a swamp worm and a friendly basilisk skeleton.

Vanquished Creatures
  A minotaur (Lab)
  4 hydras
  A two-headed ogre (D:10)
  An alligator (Lair:6)
  Sonja (Lair:3)
  An unseen horror (D:10)
  A manticore (Lair:5)
  4 elephants (Lair:5)
  Joseph (D:7)
  22 spiny frogs
  A centaur skeleton (D:10)
  4 komodo dragons
  A troll (D:10)
  Prince Ribbit (D:6)
  14 blink frogs
  A tyrant leech (Lair:6)
  9 hippogriffs
  2 redbacks (Lab)
  17 yaks
  A wyvern (D:7)
  3 wraiths (D:7)
  5 vampire mosquitoes
  A basilisk (Lair:3)
  A steam dragon (D:8)
  A warg (D:11)
  A naga (Lair:4)
  A swamp worm (Lair:6)
  9 water moccasins
  6 porcupines
  3 sky beasts
  A hornet zombie (D:10)
  5 orc warriors
  2 ice beasts (D:10)
  2 black bears (D:9)
  A necrophage (D:7)
  12 wolves
  9 ogres
  A centaur (D:5)
  7 crocodiles
  A big kobold (D:9)
  12 bullfrogs
  A wyvern zombie (D:8)
  A gnoll sergeant (D:5)
  3 scorpions
  A killer bee (D:7)
  2 howler monkeys
  2 crimson imps
  5 human zombies (D:7)
  A quasit (D:9)
  4 orc priests
  2 bullfrog skeletons
  A hound (D:7)
  A jelly (D:6)
  An iguana (D:4)
  12 orc wizards
  3 worker ants
  A hound skeleton (D:10)
  3 mummies (D:7)
  A worker ant zombie (D:5)
  6 gnolls
  12 adders
  A shadow imp (D:10)
  2 oozes
  2 adder skeletons
  2 adder zombies
  13 worms
  3 dart slugs
  6 leopard geckos
  46 orcs
  10 giant cockroaches
  4 goblins
  8 hobgoblins
  16 jackals
  2 quokkas
  3 ball pythons
  7 bats
  3 frilled lizards
  14 kobolds
  A leopard gecko skeleton (D:4)
  A leopard gecko zombie (D:5)
  7 rats
  A plant (Lab)
387 creatures vanquished.

Vanquished Creatures (collateral kills)
  A hydra (Lair:6)
  A spiny frog (Lair:6)
  2 blink frogs (Lair:6)
  2 hippogriffs (Lair:6)
  A basilisk (Lair:6)
  A vampire mosquito (Lair:6)
  2 swamp worms (Lair:6)
  An orc warrior (D:8)
  A wolf (Lair:1)
  An ogre (D:5)
  5 bullfrogs
  A water moccasin skeleton (D:4)
  An electric eel (D:6)
  A crimson imp (D:8)
  2 worker ants (D:6)
  A gnoll (D:6)
  An adder (D:4)
  An ooze (D:1)
  6 worms
  A dart slug (D:3)
  A leopard gecko (D:4)
  3 orcs
  3 giant cockroaches
  A goblin (D:1)
  A quokka (D:4)
  A bat (D:1)
  A kobold (D:1)
  2 fungi
  A plant (Lair:6)
47 creatures vanquished.

Vanquished Creatures (others)
  An ogre (D:5)
  A bush (Lair:5)
  5 fungi
  46 plants
53 creatures vanquished.

Grand Total: 487 creatures vanquished

Notes
Turn   | Place    | Note
-------+----------+-------------------------------------------
     0 | D:1      | Leszczynek the Naga Wanderer began the quest for the Orb.
     0 | D:1      | Leszczynek set off with: a book of Necromancy, 2 potions of curing {@q1}, a +0 robe, a bread ration, a +0 dagger, a +0 club
     0 | D:1      | Reached XP level 1. HP: 15/15 MP: 1/1
     0 | D:1      | stats 14/11/11 (4/3/5)
     0 | D:1      | 4 in necromancy
     0 | D:1      | with 11 in int, huh
     8 | D:1      | can't even learn a spell because of 0 in spellcasting
     8 | D:1      | can someone fix this already
   225 | D:1      | Learned a level 1 spell: Animate Skeleton
   251 | D:1      | Reached skill level 1 in Spellcasting
   392 | D:1      | Reached XP level 2. HP: 13/22 MP: 4/4
   747 | D:1      | Reached skill level 1 in Fighting
  1099 | D:1      | Reached XP level 3. HP: 32/32 MP: 5/5
  1118 | D:1      | Reached skill level 2 in Fighting
  1716 | D:2      | Reached skill level 1 in Maces & Flails
  1969 | D:2      | Found a sacrificial altar of Ru.
  2093 | D:2      | Reached XP level 4. HP: 36/39 MP: 6/6
  2201 | D:2      | Reached skill level 2 in Maces & Flails
  2217 | D:2      | Found an iron altar of Okawaru.
  2222 | D:2      | Became a worshipper of Warmaster Okawaru
  2331 | D:2      | d:2 oka is too good to pass on
  2592 | D:2      | Found a faded altar of an unknown god.
  2701 | D:2      | Learned a level 3 spell: Regeneration
  2855 | D:2      | Reached skill level 3 in Maces & Flails
  2993 | D:3      | Reached XP level 5. HP: 45/45 MP: 7/7
  2994 | D:3      | i find it weird that poison breath doesn't make any noise
  3318 | D:3      | Found a stormy altar of Qazlal.
  3484 | D:3      | cursed +4 str ring
  3484 | D:3      | wut
  3555 | D:3      | what's the curse even for in it
  3736 | D:3      | Found a snail-covered altar of Cheibriados.
  3773 | D:4      | Found a blossoming altar of Fedhas.
  3993 | D:4      | Learned a level 1 spell: Pain
  3999 | D:4      | Reached skill level 4 in Maces & Flails
  4232 | D:4      | Reached skill level 5 in Maces & Flails
  4232 | D:4      | Reached XP level 6. HP: 52/52 MP: 8/8
  4884 | D:5      | Entered Level 5 of the Dungeon
  4984 | D:5      | Reached * piety under Okawaru
  5133 | D:5      | Reached skill level 6 in Maces & Flails
  5133 | D:5      | Reached XP level 7. HP: 50/60 MP: 5/9
  5738 | D:5      | Reached skill level 7 in Maces & Flails
  6140 | D:6      | Noticed Prince Ribbit
  6404 | D:6      | Found a burning altar of Makhleb.
  6408 | D:6      | Found a glowing silver altar of Zin.
  6409 | D:6      | Noticed an angel
  6409 | D:6      | Noticed a balrug
  6490 | D:6      | Found Nehadyng's Antique Weapon Shoppe.
  6499 | D:6      | Bought an ichor-stained flail for 246 gold pieces
  6499 | D:6      | Identified the cursed +2 flail of Hubris {flame, rElec rF+ Str-3 Int+2} (You bought it in a shop on level 6 of the Dungeon)
  6500 | D:6      | ...
  6500 | D:6      | a waste of money
  6505 | D:6      | Found a bloodstained altar of Trog.
  6512 | D:6      | that was extremely stupid
  6512 | D:6      | bravo me
  6517 | D:6      | Reached skill level 8 in Maces & Flails
  6518 | D:6      | i should really try to think sometimes
  6518 | D:6      | when playing this game
  6518 | D:6      | it kinda helps
  6686 | D:6      | Reached ** piety under Okawaru
  6686 | D:6      | Reached XP level 8. HP: 64/67 MP: 7/10
  6743 | D:6      | Found a staircase to the Ecumenical Temple.
  7478 | D:7      | Noticed a wraith
  7479 | D:7      | Noticed a wraith
  7479 | D:7      | it was a fun game but it's now over
  7519 | D:7      | Reached skill level 9 in Maces & Flails
  7640 | D:7      | Noticed a hippogriff
  7655 | D:7      | Killed a hippogriff
  7724 | D:7      | Noticed Joseph
  7746 | D:7      | Killed Joseph
  7746 | D:7      | Reached skill level 10 in Maces & Flails
  7748 | D:7      | Noticed a wraith
  7843 | D:7      | Reached XP level 9. HP: 73/73 MP: 11/11
  7885 | D:7      | Found a sparkling altar of Nemelex Xobeh.
  8089 | D:7      | Reached *** piety under Okawaru
  8132 | D:7      | Reached skill level 3 in Fighting
  8132 | D:7      | Reached skill level 11 in Maces & Flails
  8132 | D:7      | Reached skill level 2 in Dodging
  8427 | D:7      | Found Alofreto's Book Boutique.
  8597 | D:7      | Found a basalt altar of Yredelemnul.
  8607 | D:7      | Reached skill level 3 in Dodging
  8784 | D:7      | Reached skill level 4 in Fighting
  9053 | D:6      | Killed Prince Ribbit
  9085 | D:6      | Reached XP level 10. HP: 81/86 MP: 10/12
  9234 | D:8      | Reached skill level 12 in Maces & Flails
  9900 | D:8      | Reached skill level 5 in Fighting
  9993 | D:8      | Noticed Psyche
  9995 | D:8      | nope
 10333 | D:8      | 4 EV in plate
 10333 | D:8      | long live the nagas
 10334 | D:8      | ok, 5 EV
 10940 | D:9      | Reached skill level 4 in Dodging
 11276 | D:9      | Reached **** piety under Okawaru
 11326 | D:9      | Reached skill level 1 in Invocations
 11348 | D:9      | Reached skill level 2 in Invocations
 11517 | D:9      | Found a staircase to the Lair.
 11623 | D:9      | Found a hazy altar of Hepliaklqana.
 11682 | D:9      | Reached skill level 3 in Invocations
 11834 | D:9      | Reached skill level 4 in Invocations
 12127 | D:10     | Entered Level 10 of the Dungeon
 12287 | D:10     | Reached skill level 5 in Invocations
 12648 | D:10     | Reached skill level 6 in Invocations
 12769 | D:10     | Noticed an unseen horror
 12786 | D:10     | Killed an unseen horror
 12786 | D:10     | Reached skill level 7 in Invocations
 12786 | D:10     | Reached XP level 11. HP: 73/97 MP: 13/16
 12950 | D:10     | Reached skill level 6 in Fighting
 13397 | D:10     | Noticed a two-headed ogre
 13409 | D:10     | Killed a two-headed ogre
 13409 | D:10     | Reached skill level 1 in Evocations
 13682 | D:11     | Noticed derval's ghost (journeyman MfSk)
 13703 | D:10     | i have a better weapon, better stats etc etc
 13703 | D:10     | and even with heroism still no chance
 13927 | Lair:1   | Entered Level 1 of the Lair of Beasts
 14041 | Lair:1   | Reached skill level 2 in Evocations
 14213 | Lair:1   | Reached ***** piety under Okawaru
 14213 | Lair:1   | Reached skill level 13 in Maces & Flails
 14563 | Lair:1   | Reached skill level 7 in Fighting
 14614 | Lair:1   | Reached skill level 3 in Evocations
 14669 | Lair:1   | Learned a level 1 spell: Apportation
 14671 | Lair:1   | Learned a level 1 spell: Summon Butterflies
 14989 | Lair:2   | Noticed an eight-headed hydra
 14996 | Lair:2   | Killed an eight-headed hydra
 15162 | Lair:2   | Received a gift from Okawaru
 15165 | Lair:2   | Got a dazzling quarterstaff {god gift}
 15166 | Lair:2   | plz no *drain *contam
 15166 | Lair:2   | Identified the +10 quarterstaff of Enuoxit {god gift, freeze, rF+} (Okawaru gifted it to you on level 2 of the Lair of Beasts)
 15167 | Lair:2   | oh
 15167 | Lair:2   | this is... decent
 15399 | Lair:2   | wait, scarves take cloak slots?
 15399 | Lair:2   | i thought it's helmets
 15399 | Lair:2   | cool
 15870 | Lair:3   | Noticed an oklob plant
 15886 | Lair:3   | Reached skill level 4 in Evocations
 15944 | Lair:3   | Reached skill level 3 in Staves
 15974 | Lair:3   | Noticed Sonja
 16015 | Lair:3   | Found a labyrinth entrance.
 16018 | Lair:3   | Reached XP level 12. HP: 109/109 MP: 17/17
 16039 | Lab      | Entered a labyrinth
 16270 | Lab      | Noticed a minotaur
 16281 | Lab      | Killed a minotaur
 16281 | Lab      | Reached skill level 4 in Staves
 16296 | Lab      | Identified Lee's Collected Works on Stones
 16300 | Lab      | Learned a level 2 spell: Passwall
 16420 | Lair:3   | Reached skill level 5 in Staves
 16428 | Lair:3   | Reached skill level 5 in Evocations
 16588 | Lair:3   | Learned a level 2 spell: Blink
 16723 | Lair:3   | Got a transparent quarterstaff
 16724 | Lair:3   | Identified the +8 quarterstaff "Wacopimoso" {protect, +Inv rF+ Dex+3} (You found it on level 3 of the Lair of Beasts)
 16725 | Lair:3   | +inv lol
 17055 | Lair:3   | Killed Sonja
 17461 | Lair:4   | Reached skill level 6 in Staves
 17468 | Lair:4   | Found a staircase to the Shoals.
 17559 | Lair:4   | Found a staircase to the Snake Pit.
 17561 | Lair:4   | snake/shoals
 17561 | Lair:4   | probably not the best combo lol
 17905 | Lair:5   | Found a runed door.
 18074 | Lair:5   | Received a gift from Okawaru
 18074 | Lair:5   | Reached skill level 7 in Staves
 18135 | Lair:5   | Reached skill level 6 in Evocations
 18867 | Lair:5   | Received a gift from Okawaru
 18867 | Lair:5   | Reached skill level 8 in Staves
 19033 | Lair:5   | Noticed a six-headed hydra
 19037 | Lair:5   | Killed a six-headed hydra
 19073 | Lair:5   | Found a viscous altar of Jiyva.
 19073 | Lair:5   | Noticed an acid blob
 19074 | Lair:5   | Noticed an acid blob
 19078 | Lair:5   | Noticed an acid blob
 19079 | Lair:5   | Found a staircase to the Slime Pits.
 19168 | Lair:6   | Entered Level 6 of the Lair of Beasts
 19177 | Lair:6   | Noticed a five-headed hydra
 19187 | Lair:5   | Received a gift from Okawaru
 19194 | Lair:5   | Reached skill level 8 in Fighting
 19446 | Lair:6   | Noticed an eight-headed hydra
 19460 | Lair:5   | Killed an eight-headed hydra
 19734 | Lair:6   | fucking frog pond
 19734 | Lair:6   | Gained mutation: You can use your snake-like lower body to constrict enemies. [Naga growth]
 19734 | Lair:6   | Reached XP level 13. HP: 107/117 MP: 15/18
 19792 | Lair:5   | Reached skill level 9 in Staves
 19798 | Lair:5   | Reached skill level 7 in Evocations
 20547 | Lair:6   | Reached skill level 10 in Staves
 20569 | Lair:6   | Reached skill level 9 in Fighting
 20761 | Lair:6   | Received a gift from Okawaru
 20771 | Lair:6   | Got an ominously black robe {god gift}
 20805 | Lair:6   | Reached skill level 8 in Evocations
 21173 | Lair:6   | Reached skill level 1 in Charms
 21506 | Lair:6   | sword of zonguldrok
 21506 | Lair:6   | ha ha
 21515 | Lair:6   | HP: 2/121 [swamp worm (12)]
 21516 | Lair:6   | Mangled by a swamp worm

Vault maps used:
D:1:      sevenhm_arrival_forest_fort_large_4, minmay_tall_x
D:2:      marbit_many_paths, chequers_ecumenical_altar_simple,
          minmay_hexomino_r4
D:3:      lemuel_coloured_pillars_altar, overflow_temple_1_default
D:4:      lemuel_crystal_altar, grunt_decor_cap
D:5:      lemuel_ice_spiral_2, first_bread
D:6:      grunt_temple_overflow_order_and_chaos_2, kennysheep_little_box,
          minmay_temple_entry_hall, serial_shops, shop_statue, serial_curves,
          eino_curves_01, eino_curves_04, kennysheep_big_empty_room,
          minivault_22, uniq_prince_ribbit1
D:7:      lemuel_mausoleum_altar_yredelemnul, serial_shops, shop, serial_curves,
          eino_curves_01, eino_curves_03, nemelex_xobeh_ov_fountains_minmay,
          uniq_joseph
D:8:      david_nohive_1, uniq_psyche
D:9:      lemuel_crystal_altar, grunt_lair_entry_orc_guard_hut,
          serial_co_window_serial, co_window_of_opportunity_a,
          co_window_paths_a, co_window_paths_b, co_window_paths_b,
          co_window_corner_a, co_window_paths_b, co_window_of_opportunity_a,
          co_window_of_opportunity_c, co_window_cross_4, co_window_4corner_b,
          co_window_paths_d, glass_columns_b, glass_columns_c
D:10:     special_room, serial_park_tiny_2
D:11:     david_orc_3, serial_shops, shop_statue, shop, shop, shop, basic_altar,
          nrook_mini_vaults
Lair:2:   grunt_forest_small_clearings
Lair:3:   lab_entry_generic, minmay_lair_oklob_bushes, uniq_sonja
Lair:4:   minmay_shoals_entry_beasts, guppyfry_snake_entry_garden
Lair:5:   slime_altar_2, grunt_megastairs_2
Lair:6:   minmay_lair_end_frog_pond, worms_lemuel
Lab:      nicolae_lab_dead_adventurers, labyrinth_fake_exit,
          nicolae_lab_dead_end, nicolae_lab_garden, labyrinth_skeletal_remains

Skill      XL: |  1  2  3  4  5  6  7  8  9 10 11 12 13 |
---------------+----------------------------------------+-----
Spellcasting   | 1 |  1.4
Fighting       | 1 2 4 5 7 8 9 |  9.3
Maces & Flails | 1 3 5 6 8 10 11 12 13 | 13.5
Dodging        | 3 4 |  4.0
Invocations    | 7 |  7.7
Evocations     | 4 6 8 |  8.1
Staves         | 3 8 10 | 10.9
Charms         | 1 |  1.4
Stealth        | |  3.0
Necromancy     | |  4.0
Earth Magic    | |  1.0

Action                   |  1- 3 |  4- 6 |  7- 9 | 10-12 | 13-15 || total
-------------------------+-------+-------+-------+-------+-------++-------
Melee: Short sword       |   116 |       |       |       |       ||   116
       Whip              |    27 |       |       |       |       ||    27
       Dagger            |    13 |   172 |       |       |       ||   185
       Quarterstaff      |       |    67 |    36 |   200 |   187 ||   490
       Morningstar       |       |       |    26 |   390 |       ||   416
       Flail             |       |       |   198 |    62 |       ||   260
       Punch             |       |       |     2 |     2 |       ||     4
       Constrict         |       |       |       |       |    46 ||    46
 Fire: Shortbow          |       |       |     3 |       |       ||     3
       Hand crossbow     |       |       |       |     4 |       ||     4
Throw: Tomahawk          |       |       |     1 |     1 |       ||     2
 Cast: Animate Skeleton  |    11 |    21 |    15 |    62 |    27 ||   136
       Pain              |       |     1 |       |       |       ||     1
Invok: Heroism           |       |     1 |    11 |    18 |     5 ||    35
       Finesse           |       |       |       |     2 |     2 ||     4
 Abil: Spit Poison       |     2 |    21 |    19 |    12 |       ||    54
Evoke: Wand              |       |       |       |     7 |     2 ||     9
       Box of beasts     |       |       |       |     1 |       ||     1
       Phial of floods   |       |       |       |     1 |       ||     1
  Use: Scroll            |       |     4 |    11 |    11 |       ||    26
       Potion            |       |     1 |     5 |     4 |       ||    10
 Stab: Sleeping          |     3 |     2 |     1 |     8 |       ||    14
       Distracted        |     1 |       |     2 |     6 |       ||     9
  Eat: Royal jelly       |     1 |       |     1 |     4 |     1 ||     7
       Chunk             |       |    11 |    10 |    18 |     4 ||    43
       Bread ration      |       |       |       |     1 |       ||     1
Armor: Robe              |    29 |       |       |       |       ||    29
       Ring mail         |    22 |   161 |   110 |    17 |       ||   310
       Steam dragon scal |       |       |       |   249 |    47 ||   296
       Skin              |       |       |       |     1 |       ||     1
Dodge: Dodged            |    86 |   120 |   101 |   353 |   104 ||   764
